 Dungeon Crawl Stone Soup version 0.28.0-62-gf88900778d (webtiles) character file.

Game seed: 15272587306402650781

283 cbfl8 the Chopper (level 6, -1/52 HPs)
             Began as a Hill Orc Fighter on Apr 30, 2023.
             Was an Initiate of Beogh.
             Succumbed to an orc wizard's poison
             ... on level 3 of the Dungeon.
             The game lasted 00:02:28 (2668 turns).

cbfl8 the Chopper (Hill Orc Fighter)                Turns: 2668, Time: 00:02:29

Health: -1/52      AC: 11    Str: 19    XL:     6   Next: 28%
Magic:  7/7        EV:  9    Int:  8    God:    Beogh [......]
Gold:   125        SH:  9    Dex: 12    Spells: 5/5 levels left

rFire   + . .      SeeInvis .   a - +0 war axe
rCold   + . .      Faith    .   c - +0 buckler
rNeg    . . .      Spirit   .   d - +3 scale mail
rPois   +          Reflect  +   (no helmet)
rElec   +          Harm     .   (no cloak)
rCorr   +          Rampage  .   l - +0 pair of gloves
Will    .....                   (no boots)
Stlth   ..........              g - amulet of reflection
HPRegen 0.17/turn               (no ring)
MPRegen 0.10/turn               (no ring)

@: lethally poisoned (-1 -> -22), resistant, attractive
A: no striking features
a: Renounce Religion


You were on level 3 of the Dungeon.
You worshipped Beogh.
Beogh was noncommittal.
You visited 1 branch of the dungeon, and saw 3 of its levels.

You collected 125 gold pieces.

Inventory:

Hand Weapons
 a - a +0 war axe (weapon)
Armour
 c - a +0 buckler (worn)
 d - a +3 scale mail (worn)
 l - a +0 pair of gloves (worn)
Jewellery
 g - an amulet of reflection (around neck)
Wands
 b - a wand of paralysis (9) (quivered)
Scrolls
 f - a scroll of identify {unknown}
 h - a scroll of enchant weapon {unknown}
 i - 2 scrolls of noise {unknown}
 j - 2 scrolls of teleportation {unknown}
 m - a scroll of amnesia {unknown}
 n - 2 scrolls of magic mapping {unknown}
 p - a scroll of fog {unknown}
 q - a scroll of acquirement {unknown}


   Skills:
 + Level 4.0 Fighting
 * Level 6.1 Axes
 + Level 3.7 Armour
 * Level 1.3 Dodging
 + Level 3.7 Shields
 * Level 2.1 Invocations
 * Level 1.6 Evocations


You had 5 spell levels left.
You didn't know any spells.
Your spell library contained the following spells:

 Spells                   Type           Power      Damage    Failure   Level
 Static Discharge         Conj/Air       0%         N/A       94%         2
 Dazzling Flash           Conj/Hex       0%         N/A       99%         3
 Dispel Undead            Necr           0%         3d6       100%        4
 Sticky Flame             Conj/Fire      0%         2d3       100%        4
 Agony                    Necr           0%         N/A       100%        5
 Silence                  Hex/Air        0%         N/A       100%        5


Dungeon Overview and Level Annotations

Branches:
Dungeon (3/15)

Altars:
The Shining One


Message History

You block something's attack.
It was a potion of heal wounds.
You feel much better.
You feel sick. Something hits you but does no damage.
You are more poisoned.
Okay, then.
You hit something.
You feel very sick. Something hits you but does no damage.
You are more poisoned.
You hit something but do no damage.
You feel very sick. Something hits you but does no damage.
You are more poisoned.
You miss something.
You feel extremely sick. Something hits you but does no damage.
You are lethally poisoned!
You block something's attack.
You hit something.
* * * LOW HITPOINT WARNING * * *
You feel very sick. Something hits you but does no damage.
It was a potion of attraction.
You feel attractive to monsters.
* * * LOW HITPOINT WARNING * * *
You feel very sick.
An orc wizard appears from thin air!
Reactivating autopickup.
The orc wizard hits you but does no damage.
You are more poisoned.
The orc is attracted toward you.
You feel protected.
* * * LOW HITPOINT WARNING * * *
You feel very sick.
The orc wizard hits you but does no damage.
Aiming: Paralyse
Press: ? - help, Q - select action Shift-Dir - straight line, f - orc wizard
Aim: an orc wizard, wielding a +1 dagger of venom and wearing a +0 robe (moderately wounded, chance to affect: 52%)
The orc wizard suddenly stops moving!
You die...

#.# #.# #.# ######## #.#
....... #.# #.....# #.#
#.....# #.# #)....# ###
#.# #.....#### ..# #.#
+o@.......
#.###.#########.o...####
....)...........(ยง......
##.##.####.#############
#.##.# #.# #.##.# #.#
#..#.# #.# ###.#.# #.#
....#.# #.#


You could see an orc wizard (paralysed) and a neutral orc (wandering).

Vanquished Creatures
  Sigmund (D:3)
  5 adders
  An ufetubus (D:3)
  2 worms (D:2)
  6 dart slugs
  2 orcs (D:3)
  6 endoplasms (D:1)
  3 giant cockroaches
  4 goblins
  2 hobgoblins
  4 quokkas
  7 ball pythons
  4 bats
  2 frilled lizards
  4 kobolds
  5 rats
58 creatures vanquished.

Vanquished Creatures (others)
  An orc priest (D:3)
1 creature vanquished.

Grand Total: 59 creatures vanquished

Notes
Turn   | Place    | Note
-------+----------+-------------------------------------------
     0 | D:1      | cbfl8 the Hill Orc Fighter began the quest for the Orb.
     0 | D:1      | Reached XP level 1. HP: 19/19 MP: 1/1
   196 | D:1      | Reached XP level 2. HP: 21/27 MP: 2/2
   276 | D:1      | Reached skill level 3 in Axes
   532 | D:1      | Reached XP level 3. HP: 28/33 MP: 3/3
  1260 | D:2      | Reached skill level 4 in Axes
  1260 | D:2      | Reached skill level 1 in Invocations
  1434 | D:2      | Reached XP level 4. HP: 40/40 MP: 4/4
  1437 | D:2      | Found a glowing golden altar of the Shining One.
  1466 | D:2      | Reached skill level 1 in Evocations
  1753 | D:2      | Found a faded altar of an unknown god.
  1865 | D:3      | Noticed Sigmund
  1873 | D:3      | Killed Sigmund
  1874 | D:3      | Reached skill level 5 in Axes
  1874 | D:3      | Reached skill level 1 in Dodging
  1874 | D:3      | Reached XP level 5. HP: 34/46 MP: 4/6
  1874 | D:3      | Reached XP level 6. HP: 38/52 MP: 4/7
  1980 | D:3      | Reached skill level 6 in Axes
  2642 | D:3      | Became a worshipper of Beogh the Brigand
  2668 | D:3      | Succumbed to an orc wizard's poison

Illustrated notes

Levels and vault maps discovered:
D:1:      nzn_arrival_depleted_hourglass, layout_loops_ring, dk_noncrumbling_3
D:2:      layout_loops_ring, basic_altar, shapermc_ecumenical_altar_notcrosses
D:3:      layout_basic, uniq_sigmund

Skill      XL: |  1  2  3  4  5  6 |
---------------+-------------------+-----
Axes           | 3 4 5 6 |  6.1
Invocations    | 1 2 |  2.1
Evocations     | 1 |  1.6
Fighting       | 4 |  4.0
Dodging        | 1 |  1.3
Armour         | |  3.7
Shields        | |  3.7

Action                   |  1- 3 |  4- 6 || total
-------------------------+-------+-------++-------
Melee: War axe           |    91 |   100 ||   191
Invok: Convert to Beogh  |       |     1 ||     1
Evoke: Wand              |       |     3 ||     3
  Use: Potion            |       |     4 ||     4
Armor: Scale mail        |    44 |    47 ||    91
Dodge: Dodged            |    32 |    38 ||    70
Block: Buckler           |    28 |    45 ||    73
       Reflection        |     1 |     2 ||     3
